 Dungeon Crawl Stone Soup version 0.10.0-32-gfa280cc character file.

404 ap0ught the Chronographer (level 6, -4/49 HPs)
             Began as a Naga Death Knight on May 7, 2012.
             Was a Believer of Cheibriados.
             Slain by Eustachio
             ... wielding a +0,+0 sabre
              (8 damage)
             ... on Level 3 of the Dungeon.
             The game lasted 00:28:44 (2645 turns).

ap0ught the Chronographer (Naga Death Knight)       Turns: 2645, Time: 00:28:44

HP  -4/49        AC  9     Str 22      XL: 6   Next: 43%
MP   8/9         EV  5     Int  9 (15) God: Cheibriados [**....]
Gold 89          SH 27     Dex 14      Spells:  0 memorised,  5 levels left

Res.Fire  : + . .   See Invis. : +   a - +1 mace
Res.Cold  : . . .   Warding    : . . F - +2 orc leather armour {rF+}
Life Prot.: + . .   Conserve   : .   C - +0 large shield
Res.Acid. : . . .   Res.Corr.  : .   c - +0 helmet
Res.Poison: +       Clarity    : .   D - +0 cloak
Res.Elec. : .       Spirit.Shd : .   w - +0 pair of gloves
Sust.Abil.: . .     Stasis     : .   (no barding)
Res.Mut.  : .       Ctrl.Telep.: .   (no amulet)
Res.Rott. : .       Levitation : .   (no ring)
Saprovore : . . .   Ctrl.Flight: .   f - ring of life protection {unknown}

@: very slow, somewhat resistant to hostile enchantments, fairly stealthy
A: spit poison, constrict 1, see invisible, deformed body, deterioration 1, -10%
hp, -10% mp, poison resistance, slowness 2
a: Spit Poison, Bend Time, Renounce Religion


You were on level 3 of the Dungeon.
You worshipped Cheibriados.
Cheibriados was most pleased with you.
You were hungry.

You visited 1 branch of the dungeon, and saw 4 of its levels.

You collected 69 gold pieces.

Inventory:

Hand weapons
 a - a +1,+1 mace (weapon)
 b - a +2,+1 sling
 x - a +1,+2 orcish dagger
 O - a -1,+1 orcish dagger
 W - a cursed -3,-3 sling
 X - a +0,+1 orcish dagger
 Y - a +0,+0 whip
Missiles
 E - 50 +0 stones
 P - 3 +0 darts (quivered)
Armour
 c - a +0 helmet (worn)
 p - a +0 chain mail
 w - a +0 pair of gloves (worn)
 C - a +0 large shield (worn)
 D - a +0 cloak (worn)
 F - a +2 orcish leather armour of fire resistance (worn)
 G - a +0 elven scale mail
 J - a +0 elven scale mail
 T - a +2 robe of cold resistance
Magical devices
 I - a wand of magic darts (11) {unknown}
 M - a wand of polymorph other (5)
Comestibles
 h - 10 strawberries
 q - 2 meat rations
 A - a beef jerky
 H - 2 bread rations
 L - 3 chunks of orc flesh
 Q - a chunk of orc flesh
 R - a chunk of rat flesh
Scrolls
 d - 2 scrolls of blinking {unknown}
 e - 2 scrolls of enchant weapon II {unknown}
 g - a scroll of recharging {unknown}
 i - 4 scrolls of curse jewellery {unknown}
 l - 2 scrolls of identify {unknown}
 m - a scroll of amnesia {unknown}
 o - a scroll of fog {unknown}
 r - 3 scrolls of remove curse {unknown}
 s - 2 scrolls of enchant weapon I {unknown}
 u - a scroll of enchant armour {unknown}
 y - a scroll of fear {unknown}
 z - 3 scrolls of teleportation {unknown}
 B - a scroll of random uselessness {unknown}
Jewellery
 f - a ring of life protection (left hand) {unknown}
Potions
 j - 2 potions of curing {unknown}
 k - a potion of might {unknown}
 n - 2 potions of brilliance {unknown}
 v - a potion of slowing {unknown}
 K - 2 potions of mutation {unknown}
 N - a potion of restore abilities {unknown}


   Skills:
 + Level 3,2 Fighting
 + Level 1,4 Short Blades
 + Level 2,8 Maces & Flails
 + Level 1,0 Slings
 + Level 1,2 Throwing
 + Level 2,8 Armour
 + Level 2,4 Dodging
 + Level 1,7 Stealth
 + Level 2,0 Shields
 + Level 4,3 Invocations


You had 5 spell levels left.
You didn't know any spells.

Dungeon Overview and Level Annotations

Branches:
Dungeon (4/27)
 Temple: D:4-7

Altars:
Cheibriados

Annotations
D:3 Eustachio


Innate Abilities, Weirdness & Mutations

You cannot wear boots.
You can spit poison.
You can use your snake-like lower body to constrict enemies.
Your serpentine skin is tough (AC +2).
You have supernaturally acute eyesight.
Armour fits poorly on your strangely shaped body.
Your system is resistant to poisons.
You cover ground very slowly.
Your body is slowly deteriorating.
You are frail (-10% HP).
Your magical capacity is low (-10% MP).


Message History

You sock Eustachio. You constrict Eustachio.
Eustachio is moderately wounded.
The iron imp hits you.
* * * LOW HITPOINT WARNING * * *
The white imp laughs crazily.
You block Eustachio's attack.
You completely miss Eustachio. You constrict Eustachio.
Eustachio is heavily wounded.
You block the iron imp's attack. Eustachio hits you with a sabre.
* * * LOW HITPOINT WARNING * * *
The midge disappears in a puff of smoke!
You sock Eustachio. You constrict Eustachio.
Eustachio is severely wounded.
You block the iron imp's attack. Eustachio hits you but does no damage.
Eustachio hits you but does no damage.
You sock Eustachio but do no damage. You constrict Eustachio!
Eustachio is almost dead.
The iron imp laughs crazily.
You block the iron imp's attack. Eustachio hits you with a sabre!
You die...

.##.# #.# #.# #.# ###.#
########.#########.####.# ...
......................... #.#
########.#########.####.# #.#
#.# #.# #.# #.# #.# #.# #.# #<#
#.# #.# #.# #5# #.# #.# #@# #.#
#.# #@# #.# #.#
##.############5#########.####(#
.......55.5@5.r55.........%.....
##......5######.#########.####.#
#.....5.. ..................
#.......## ##.#########.####.#
#.......# #.# #.# #.# .......#
#.# #.####.#


You could see Eustachio, 2 iron imps, a white imp, a midge and a rat.

Vanquished Creatures
  Sigmund (D:3)
  2 hounds
  An orc wizard (D:4)
  A worker ant (D:4)
  Terence (D:3)
  5 adders
  A lemure (D:3)
  A shadow imp (D:3)
  A bat skeleton (D:4)
  2 giant geckos (D:1)
  5 orcs
  A ball python (D:1)
  8 bats
  6 giant cockroaches
  12 goblins
  8 hobgoblins
  3 quokkas
  2 giant newts
  A goblin zombie (D:2)
  6 kobolds
  6 rats
  A toadstool (D:1)
75 creatures vanquished.

Vanquished Creatures (collateral kills)
  An ooze (D:1)
  A giant cockroach (D:1)
  3 goblins
  A rat (D:1)
6 creatures vanquished.

Vanquished Creatures (others)
  A bat zombie (D:1)
  A giant gecko zombie (D:1)
  A giant newt (D:3)
  A goblin zombie (D:2)
  A hobgoblin zombie (D:1)
  3 toadstools (D:3)
8 creatures vanquished.

Grand Total: 89 creatures vanquished

Notes
Turn   | Place    | Note
--------------------------------------------------------------
     0 | D:1      | ap0ught, the Naga Death Knight, began the quest for the Orb.
     0 | D:1      | Reached XP level 1. HP: 19/19 MP: 2/2
    83 | D:1      | Reached skill level 1 in Dodging
   195 | D:1      | Reached XP level 2. HP: 17/26 MP: 2/4
   492 | D:1      | Reached skill level 1 in Armour
   978 | D:1      | Reached XP level 3. HP: 29/32 MP: 5/5
  1217 | D:2      | Reached skill level 1 in Stealth
  1220 | D:2      | Reached skill level 4 in Invocations
  1430 | D:2      | Found a snail-covered altar of Cheibriados.
  1454 | D:2      | Fell from the grace of Yredelemnul
  1454 | D:2      | Became a worshipper of Cheibriados the Contemplative
  1669 | D:2      | Reached XP level 4. HP: 38/40 MP: 7/7
  1783 | D:2      | Acquired Cheibriados's first power
  2001 | D:3      | Reached skill level 1 in Short Blades
  2001 | D:3      | Reached XP level 5. HP: 41/46 MP: 9/9
  2040 | D:3      | Noticed Terence
  2040 | D:3      | Gained mutation: Your magical capacity is low (-10% MP).
  2043 | D:3      | Gained mutation: Your body is slowly deteriorating.
  2050 | D:3      | Gained mutation: You are frail (-10% HP).
  2054 | D:3      | Killed Terence
  2054 | D:3      | Reached skill level 1 in Shields
  2130 | D:3      | Noticed Sigmund
  2145 | D:3      | Killed Sigmund
  2268 | D:3      | Reached XP level 6. HP: 49/49 MP: 9/9
  2333 | D:4      | Reached skill level 1 in Throwing
  2517 | D:4      | Reached skill level 1 in Slings
  2606 | D:4      | Noticed Eustachio
  2645 | D:3      | Slain by Eustachio
